 Dungeon Crawl Stone Soup version 0.25.0-10-g039870e (webtiles) character file.

Game seed: 8517153854427130095

2270 shmeve the Skirmisher (level 9, 0/88 HPs)
             Began as a Gargoyle Berserker on June 22, 2020.
             Was an Elder of Trog.
             Slain by an orc warrior
             ... wielding a +0 flail of protection
              (4 damage)
             ... on level 7 of the Dungeon.
             The game lasted 00:13:47 (6252 turns).

shmeve the Skirmisher (Gargoyle Berserker)          Turns: 6252, Time: 00:13:48

Health: 0/88       AC: 13    Str: 23    XL:     9   Next: 38%
Magic:  9/9        EV:  7    Int:  8    God:    Trog [****..]
Gold:   212        SH:  0    Dex: 10    Spells: 8/8 levels left

rFire    . . .     SeeInvis .   a - +0 hand axe
rCold    . . .     Gourm    .   (no shield)
rNeg     + . .     Faith    .   t - +0 plate armour
rPois    ∞         Spirit   .   r - +1 helmet
rElec    +         Reflect  .   (no cloak)
rCorr    .         Harm     .   (no gloves)
MR       .....                  (no boots)
Stlth    ..........             (no amulet)
HPRegen  0.24/turn              (no ring)
MPRegen  0.11/turn              (no ring)

@: berserking (expiring), corroded, very quick
A: negative energy resistance 1, electricity resistance, unbreathing,
petrification resistance, rot immunity, AC +6
a: Berserk, Trog's Hand, Brothers in Arms, Renounce Religion


You were on level 7 of the Dungeon.
You worshipped Trog.
Trog was greatly pleased with you.
You were very hungry.

You visited 2 branches of the dungeon, and saw 8 of its levels.

You collected 212 gold pieces.

Inventory:

Hand Weapons
 a - a +0 hand axe (weapon)
 j - a +1 hunting sling
Missiles
 o - 3 silver javelins
 u - 9 boomerangs (quivered)
 A - a throwing net
Armour
 r - a +1 helmet (worn)
 t - a +0 plate armour (worn)
Scrolls
 e - 2 scrolls of fear
 f - 4 scrolls of teleportation
 h - 3 scrolls of enchant weapon
 l - 3 scrolls of identify
 s - a scroll of enchant armour
 w - a scroll of magic mapping
Potions
 b - a potion of invisibility {unknown}
 d - a potion of mutation {unknown}
 g - a potion of haste {unknown}
 i - a potion of brilliance {unknown}
 k - 3 potions of lignification {unknown}
 n - a potion of curing {unknown}
 p - a potion of might {unknown}
 q - 4 potions of flight {unknown}
 v - 4 potions of heal wounds
 x - 4 potions of stabbing {unknown}
Comestibles
 c - 10 rations


   Skills:
 * Level 7.9 Fighting
 * Level 6.7 Axes
 * Level 5.5 Slings
 - Level 0.1(3.3) Throwing
 + Level 5.4 Armour
 - Level 1.7 Dodging


You had 8 spell levels left.
You didn't know any spells.
Your spell library was empty.

Dungeon Overview and Level Annotations

Branches:
Dungeon (7/15)             Temple (1/1) D:4

Altars:
Ashenzari
Cheibriados
Dithmenos
Elyvilon
Gozag
Hepliaklqana
Makhleb
Nemelex Xobeh
Okawaru
Trog
Uskayaw
Yredelemnul


Innate Abilities, Weirdness & Mutations

You are resistant to torment.
Your stone body is resilient. (AC +6)
You are immune to poison.
You resist negative energy. (rN+)
You are resistant to electric shocks. (rElec)
You can survive without breathing.
You are immune to petrification.
You are immune to rotting.


Message History

* * * LOW HITPOINT WARNING * * *
You hit the orc wizard but do no damage.
The orc wizard is heavily wounded.
Your plate armour prevents you from hitting the crimson imp.
You hit the orc warrior but do no damage.
The crimson imp hits you but does no damage.
The orc wizard hits you but does no damage.
The orc warrior closely misses you.
You closely miss the orc warrior.
The orc warrior is lightly wounded.
You closely miss the orc wizard. You barely miss the crimson imp.
The crimson imp barely misses you.
Unknown command.
You closely miss the orc warrior.
The orc warrior is lightly wounded.
You closely miss the orc wizard. You closely miss the crimson imp.
The orc wizard hits you with a +0 dagger.
* * * LOW HITPOINT WARNING * * *
The orc warrior hits you with a +0 flail of protection.
You die...

.#. .. . .. .# #. #.#
#.. #.##.. .. .....#.#
♣ #.ooo. ♣♣. #.#o5#
♣♣.♣♣ #oYo@# ♣♣.P.♣
.....##.# ♣PP..♣ #.#
##.# #....# #..#
######..##
#.###.#######.#.#....#
#...[................#
##################.###
##.## #...#


You could see an orc warrior, an ice beast, 2 orc priests, an orc wizard, a
crimson imp and 2 orcs.

Vanquished Creatures
  Pikel (D:6)
  A hippogriff (D:7)
  Sigmund (D:6)
  2 sky beasts
  4 slaves (D:6)
  3 ogres
  A bullfrog (D:7)
  A killer bee (D:7)
  2 howler monkeys
  A centaur zombie (D:6)
  3 hounds
  A centaur skeleton (D:5)
  3 orc priests
  2 iguanas (D:5)
  A jelly (D:7)
  Terence (D:3)
  7 worker ants
  A hound skeleton (D:7)
  7 gnolls
  A howler monkey skeleton (D:7)
  9 adders
  3 oozes
  2 adder skeletons
  An adder zombie (D:7)
  6 worms
  2 dart slugs
  7 leopard geckos
  11 orcs
  9 giant cockroaches
  8 goblins
  10 hobgoblins
  5 jackals
  7 kobolds
  6 quokkas
  6 bats
  6 frilled lizards
  4 leopard gecko skeletons
  A leopard gecko zombie (D:7)
  A quokka skeleton (D:7)
  2 rats
150 creatures vanquished.

Notes
Turn   | Place    | Note
-------+----------+-------------------------------------------
     0 | D:1      | shmeve the Gargoyle Berserker began the quest for the Orb.
     0 | D:1      | Reached XP level 1. HP: 14/14 MP: 1/1
    35 | D:1      | Reached XP level 2. HP: 18/19 MP: 2/2
   748 | D:1      | Reached XP level 3. HP: 23/24 MP: 3/3
   842 | D:2      | Reached ** piety under Trog
   985 | D:2      | Reached skill level 4 in Fighting
  2015 | D:2      | Reached XP level 4. HP: 29/29 MP: 4/4
  2365 | D:3      | Noticed a sky beast
  2397 | D:3      | Killed a sky beast
  2397 | D:3      | Reached skill level 1 in Slings
  2397 | D:3      | Reached XP level 5. HP: 34/34 MP: 5/5
  2777 | D:3      | Found a hazy altar of Hepliaklqana.
  2777 | D:3      | Found a hide-covered altar of Uskayaw.
  2919 | D:3      | Noticed Terence
  2940 | D:3      | Killed Terence
  2940 | D:3      | Reached XP level 6. HP: 31/40 MP: 6/6
  3176 | D:3      | Found a sparkling altar of Nemelex Xobeh.
  3230 | D:4      | Found a snail-covered altar of Cheibriados.
  3246 | D:4      | Reached skill level 5 in Fighting
  3332 | D:4      | Reached XP level 7. HP: 29/44 MP: 7/7
  3632 | D:4      | Reached *** piety under Trog
  3794 | D:4      | Found a staircase to the Ecumenical Temple.
  3808 | Temple   | Entered the Ecumenical Temple
  3942 | D:4      | Found a sparkling altar of Nemelex Xobeh.
  3990 | D:5      | Entered Level 5 of the Dungeon
  4074 | D:5      | Reached skill level 5 in Axes
  4226 | D:5      | Reached skill level 6 in Fighting
  4288 | D:5      | Reached XP level 8. HP: 51/51 MP: 8/8
  5068 | D:6      | Noticed Pikel
  5088 | D:6      | Killed Pikel
  5088 | D:6      | Reached skill level 7 in Fighting
  5303 | D:6      | Noticed Sigmund
  5340 | D:6      | Killed Sigmund
  5340 | D:6      | Reached skill level 5 in Armour
  5340 | D:6      | Reached XP level 9. HP: 56/57 MP: 9/9
  5592 | D:6      | Reached skill level 5 in Slings
  5961 | D:7      | Reached **** piety under Trog
  6249 | D:7      | HP: 4/88 [orc priest/divine providence (16)]
  6252 | D:7      | Slain by an orc warrior

Illustrated notes

Levels and vault maps discovered:
D:1:      giann_bridges, layout_loops_ring, minmay_tripent
D:2:      cheibrodos_helix_gallery, layout_basic
D:3:      layout_basic, gammafunk_temple_overflow_elements,
          nemelex_altar_shiori, minmay_guardbox, uniq_terence
D:4:      layout_rooms, kennysheep_little_box, minmay_temple_entry_fiery,
          first_ration, st_stairs_9, nemelex_dance_club_becter
D:5:      layout_basic
D:6:      layout_gridville, uniq_pikel, uniq_sigmund
D:7:      layout_loops_cross, led_sif_book, minmay_fractal_squares_5,
          uniq_duvessa, uniq_crazy_yiuf_cottage
Temple:   nicolae_temple_elliptical

Skill      XL: |  1  2  3  4  5  6  7  8  9 |
---------------+----------------------------+-----
Axes           | 3 4 5 6 |  6.7
Fighting       | 4 5 6 7 |  7.9
Slings         | 1 2 3 4 5 |  5.5
Armour         | 3 4 5 |  5.4
Throwing       | |  0.1
Dodging        | |  1.7

Action                   |  1- 3 |  4- 6 |  7- 9 || total
-------------------------+-------+-------+-------++-------
Melee: Hand axe          |   134 |   204 |   410 ||   748
Throw: Boomerang         |       |    10 |       ||    10
Invok: Berserk           |       |     3 |     7 ||    10
       Trog's Hand       |       |     2 |     1 ||     3
  Use: Scroll            |       |       |    10 ||    10
  Eat: Chunk             |     4 |     8 |    12 ||    24
       Ration            |       |       |     1 ||     1
Armor: Animal skin       |    45 |       |       ||    45
       Plate armour      |    10 |   191 |   342 ||   543
Dodge: Dodged            |    94 |    72 |   153 ||   319
